 Dungeon Crawl Stone Soup version 0.31-a0-859-g9dce7d3444 (webtiles) character file.

Game seed: 5893308805770324761

4660 Lugonue the Grappler (level 10, -2/136 HPs)
             Began as a Yellow Draconian Venom Mage on Oct 9, 2023.
             Was an Initiate of Vehumet.
             Slain by a vampire (10 damage)
             ... on level 9 of the Dungeon.
             The game lasted 00:22:14 (9863 turns).

Lugonue the Grappler (Yellow Draconian Venom Mage)  Turns: 9863, Time: 00:22:14

Health: -2/136     AC: 11    Str: 14    XL:     10   Next: 20%
Magic:  0/20       EV: 13    Int: 21    God:    Vehumet [......]
Gold:   642        SH:  0    Dex: 13    Spells: 10/22 levels left

rFire   . .          .
                       - Unarmed
rCold   . . .        (no shield)
rNeg    . . .        (body armour unavailable)
rPois   .            (helmet restricted)
rElec   .            (no cloak)
rCorr   +            (no gloves)
SInv    .            (no boots)
Will    .....        c - amulet of guardian spirit Stlth
                     b - +6 ring of intelligence
HPRegen 0.42/turn    v - +4 ring of protection
MPRegen 0.17/turn

%: guardian spirit
@: berserking, short of breath, very quick
A: spit acid, AC +7, unfitting armour, cold-blooded, acid resistance, robust 1
a: Breathe Acid, Renounce Religion


You were on level 9 of the Dungeon.
You worshipped Vehumet.
Vehumet was noncommittal.
You visited 2 branches of the dungeon, and saw 10 of its levels.

You collected 822 gold pieces.
You spent 180 gold pieces at shops.

Inventory:

Missiles
 f - a throwing net
Jewellery
 b - a +6 ring of intelligence (left hand)
 c - an amulet of guardian spirit (around neck)
 n - a +6 ring of intelligence
 o - a +4 ring of slaying
 q - a ring of flight
 v - a +4 ring of protection (right hand)
 x - a ring of see invisible
 A - an amulet of the acrobat
Wands
 p - a wand of iceblast (11)
 y - a wand of charming (11)
Scrolls
 k - a scroll of torment
 l - 3 scrolls of teleportation
 m - a scroll of revelation
 r - 2 scrolls of vulnerability
 s - 2 scrolls of enchant armour
 t - a scroll of immolation
Potions
 a - 2 potions of magic
 e - a potion of attraction
 g - 3 potions of haste
 h - a potion of brilliance
 i - a potion of heal wounds {unknown}
 j - a potion of ambrosia
 w - a potion of enlightenment
 z - a potion of invisibility {unknown}
 C - 2 potions of mutation


   Skills:
 * Level 6.0 Fighting
 * Level 3.8 Dodging
 - Level 1.7 Stealth
 * Level 9.0 Unarmed Combat
 + Level 6.9 Spellcasting
 - Level 1.0 Transmutations
 + Level 7.4 Poison Magic


You had 10 spell levels left.
You knew the following spells:

 Your Spells              Type           Power      Damage    Failure   Level
a - Wereblood             Tmut           11%        N/A       9%          2
b - Poisonous Vapours     Pois/Air       44%        N/A       3%          2
c - Mephitic Cloud        Conj/Pois/Air  17%        N/A       10%         3
d - Olgreb's Toxic Radia  Pois           38%        N/A       4%          4
e - Sting                 Tmut/Pois      96%        1d7       1%          1

Your spell library contained the following spells:

 Spells                   Type           Power      Damage    Failure   Level
 Kiss of Death            Conj/Necr      28%        2d7       9%          1
 Magic Dart               Conj           28%        1d4       9%          1
 Sandblast                Erth           14%        2d6       9%          1
 Passwall                 Tmut/Erth      7%         N/A       11%         2
 Call Imp                 Summ           14%        N/A       14%         2
 Ensorcelled Hibernation  Hex/Ice        14%        N/A       14%         2
 Confusing Touch          Hex            7%         N/A       26%         3
 Stone Arrow              Conj/Erth      14%        3d7       26%         3
 Swiftness                Air            7%         N/A       26%         3
 Brom's Barrelling Bould  Conj/Erth      7%         2d3       65%         4
 Dispel Undead            Necr           7%         3d8       65%         4
 Irradiate                Conj/Tmut      4%         3d13      90%         5


Dungeon Overview and Level Annotations

Branches:
Dungeon (9/15)             Temple (1/1) D:4
   Lair: D:8-11         Orc: D:9-12

Altars:
Ashenzari
Cheibriados
Dithmenos
Elyvilon
Fedhas
Gozag
Hepliaklqana
Kikubaaqudgha
Makhleb
Nemelex Xobeh
Qazlal
Trog
Uskayaw
Vehumet
Wu Jian
Yredelemnul
Zin

Shops:
D:4 :

Annotations:
D:7 1 runed translucent door, Maratek's ghost, novice MiGl


Innate Abilities, Weirdness & Mutations

You can spit globs of acid.
Your golden yellow scales are hard. (AC +7)
You cannot fit into any form of body armour.
You are cold-blooded and may be slowed by cold attacks.
You are resistant to acid. (rCorr)
You are robust. (+10% HP)


Message History

You spit a glob of acid. Something hits you but does no damage.
Something bites you.
Something draws strength from your injuries!
You hit something. Something hits you but does no damage. Something bites you.
Something draws strength from your injuries!
Unknown command.
You hit something but do no damage. Something hits you but does no damage.
Something bites you but does no damage.
You punch something!
You howl as the wereblood boils in your veins!
Your primal bloodlust has ended.
Something hits you but does no damage. Something bites you.
Something draws strength from your injuries!
You barely miss something. Something hits you. Something bites you.
Something draws strength from your injuries!
You miss something. You hit something but do no damage. Something hits you!
* * * LOW HITPOINT WARNING * * *
Something bites you.
* * * LOW HITPOINT WARNING * * *
Something draws strength from your injuries!
You hit something but do no damage. Something hits you!
* * * LOW HITPOINT WARNING * * *
Something bites you.
* * * LOW HITPOINT WARNING * * *
Something draws strength from your injuries!
Unknown command.
It was a potion of mutation.
You feel extremely strange.
You feel a hidden potential growing inside you.
You feel robust.
You no longer feel a hidden potential within.
Something hits you but does no damage. Something bites you.
* * * LOW HITPOINT WARNING * * *
Something draws strength from your injuries!
A red film seems to cover your vision as you go berserk!
You feel yourself moving faster!
You feel mighty! Something hits you but does no damage.
Something bites you but does no damage.
You closely miss something. Something hits you but does no damage.
Something bites you!
You die...

..........#.#..#.#...## #
..........##.##.##.......
.........##.#..#.##..#..#
.........##.#..#.##.....#
.......)).##.##.##.....
.........)#.#..#.#..#.#.#
.......)..######.......#
.......##.......#.#
.......)@......#.#
......#.{....#.# # ....
#.######.# .... #. .# #.
# ##


There were no monsters in sight!

Vanquished Creatures
  A two-headed ogre (D:8)
  An ugly thing (D:8)
  A wyvern (D:8)
  2 water moccasins
  An orc warrior (D:7)
  4 ice beasts
  A black bear (D:6)
  2 centaurs
  An ogre (D:6)
  3 kobold brigands
  Blork the orc (D:4)
  4 bullfrogs
  5 scorpions
  4 wights (D:7)
  6 killer bees
  3 howler monkeys
  A vampire bat (D:4)
  7 orc priests
  4 gnoll boudas
  3 jellies
  2 hounds
  A sleepcap (D:3)
  4 iguanas
  7 orc wizards
  15 gnolls
  8 adders
  A shadow imp (D:5)
  3 ufetubi
  2 worms (D:3)
  31 orcs
  8 bats
  A bat skeleton (D:4)
  4 bat zombies (D:4)
  9 endoplasms
  A giant cockroach (D:4)
  8 goblins
  6 hobgoblins
  3 jackals (D:3)
  20 kobolds
  2 quokkas
  5 ball pythons
  2 frilled lizards
  6 rats
204 creatures vanquished.

Notes
Turn   | Place    | Note
-------+----------+-------------------------------------------
     0 | D:1      | Lugonue the Draconian Venom Mage began the quest for the
                  | Orb.
     0 | D:1      | Reached XP level 1. HP: 14/14 MP: 3/3
   200 | D:1      | Reached XP level 2. HP: 4/20 MP: 1/5
   366 | D:1      | Learned a level 2 spell: Poisonous Vapours
  1042 | D:2      | Reached XP level 3. HP: 15/26 MP: 0/6
  1243 | D:2      | Reached skill level 1 in Unarmed Combat
  2039 | D:2      | Reached XP level 4. HP: 34/34 MP: 1/8
  2357 | D:3      | Reached skill level 1 in Fighting
  2465 | D:3      | Reached skill level 2 in Unarmed Combat
  2808 | D:3      | Reached XP level 5. HP: 40/40 MP: 5/9
  2880 | D:3      | Identified the +1 scale mail of Pessimism {Harm Stlth+}
  2975 | D:3      | Learned a level 3 spell: Mephitic Cloud
  2980 | D:3      | Learned a level 4 spell: Olgreb's Toxic Radiance
  3057 | D:3      | Reached skill level 3 in Unarmed Combat
  3244 | D:4      | Reached XP level 6. HP: 37/47 MP: 6/11
  3557 | D:4      | Found Pitsicvu's Book Emporium.
  3565 | D:4      | Bought a book of Changes for 180 gold pieces
  3568 | D:4      | Learned a level 2 spell: Wereblood
  3767 | D:4      | Reached skill level 4 in Unarmed Combat
  3985 | D:4      | Found a staircase to the Ecumenical Temple.
  3985 | D:4      | Noticed Blork the orc
  4000 | D:4      | Your scales start taking on a golden yellow colour.
  4000 | D:4      | Reached XP level 7. HP: 51/56 MP: 3/13
  4000 | D:4      | Gained mutation: You are resistant to acid. (rCorr) [Yellow
                  | Draconian growth]
  4000 | D:4      | Killed Blork the orc
  4015 | Temple   | Entered the Ecumenical Temple
  4200 | D:4      | Reached skill level 5 in Poison Magic
  4451 | D:4      | Found an ancient bone altar of Kikubaaqudgha.
  4505 | D:5      | Entered Level 5 of the Dungeon
  4681 | D:5      | Reached skill level 5 in Unarmed Combat
  5280 | D:5      | Reached XP level 8. HP: 63/63 MP: 7/14
  6169 | D:6      | Reached skill level 6 in Unarmed Combat
  6169 | D:6      | Reached skill level 5 in Spellcasting
  6604 | D:6      | Reached skill level 7 in Unarmed Combat
  6715 | D:6      | Found a glowing silver altar of Zin.
  6980 | D:6      | Reached XP level 9. HP: 72/72 MP: 9/17
  7412 | D:7      | Found a runed translucent door.
  7416 | D:7      | Noticed an eight-headed hydra
  7416 | D:7      | Noticed Maratek's ghost (novice MiGl)
  8065 | D:7      | Found a bloodstained altar of Trog.
  8067 | D:7      | Found an ornate altar of the Wu Jian Council.
  8092 | D:7      | Reached skill level 5 in Fighting
  8338 | D:7      | Reached skill level 8 in Unarmed Combat
  8816 | D:8      | Found a snail-covered altar of Cheibriados.
  9155 | D:8      | Noticed a two-headed ogre
  9165 | D:8      | Killed a two-headed ogre
  9166 | D:8      | Reached XP level 10. HP: 64/83 MP: 8/20
  9255 | D:8      | Noticed a white ugly thing
  9286 | D:8      | Killed a white ugly thing
  9578 | D:8      | Found a radiant altar of Vehumet.
  9654 | D:8      | Became a worshipper of Vehumet
  9687 | D:9      | Reached skill level 9 in Unarmed Combat
  9691 | D:9      | Found an opulent altar of Gozag.
  9861 | D:9      | Gained mutation: You have hidden genetic potential. [potion
                  | of mutation]
  9861 | D:9      | Gained mutation: You are robust. (+10% HP) [potion of
                  | mutation]
  9861 | D:9      | Lost mutation: You have hidden genetic potential. [potion
                  | of mutation]
  9863 | D:9      | Slain by a vampire

Illustrated notes

Levels and vault maps discovered:
D:1:      amcnicky_arrival_single_pillar, layout_loops_ring, patterned_corridor
D:2:      layout_basic, corexii_item_surrounded_by_moat,
          minmay_tree_intersection, kennysheep_generic_room_3
D:3:      minmay_wonky_spiral, layout_rooms
D:4:      layout_rooms, kennysheep_vampire_church, minmay_temple_entry_junction,
          serial_shops, nicolae_shop_tiny_statue_garden, minmay_close_crescents,
          uniq_blork_the_orc
D:5:      layout_gridville
D:6:      layout_loops_ring, zin_statuary
D:7:      layout_loops_ring, grunt_temple_overflow_open,
          ebering_ghost_inner_flame
D:8:      layout_loops_cross, amcnicky_altar_gilded,
          nicolae_vehumet_altar_sigil, minmay_three_doors
D:9:      layout_basic, nicolae_gozag_seed_capital,
          mainiacjoe_overflow_catch_the_wave,
          mainiacjoe_overflow_surrounded_room, serial_bayou_pond_e, minivault_22
Temple:   chequers_temple_sunken

Skill      XL: |  1  2  3  4  5  6  7  8  9 10 |
---------------+-------------------------------+-----
Unarmed Combat | 1 2 3 4 5 7 8 9 |  9.0
Poison Magic   | 4 5 6 7 |  7.4
Fighting       | 1 2 3 4 5 6 |  6.0
Spellcasting   | 3 4 5 6 |  6.9
Dodging        | 3 |  3.8
Stealth        | |  1.7
Transmutations | |  1.0

Action                     |  1- 3 |  4- 6 |  7- 9 | 10-12 || total
---------------------------+-------+-------+-------+-------++-------
  Melee: Unarmed           |   117 |   134 |   250 |    32 ||   533
         Tailslap          |    12 |    11 |    33 |     3 ||    59
         Punch             |     3 |     2 |     6 |     2 ||    13
   Cast: Sting             |    27 |    25 |     2 |       ||    54
         Poisonous Vapours |    12 |    25 |    19 |     3 ||    59
         Olgreb's Toxic Ra |       |     2 |    29 |     5 ||    36
         Wereblood         |       |     3 |    13 |     2 ||    18
         Mephitic Cloud    |       |     1 |     2 |     1 ||     4
Ability: Breathe Acid      |       |       |     9 |     3 ||    12
    Use: Scroll            |     6 |     3 |     5 |     7 ||    21
         Potion            |     1 |     1 |     7 |     3 ||    12
   Stab: Sleeping          |     3 |     1 |     2 |       ||     6
 Armour: Skin              |    70 |   115 |   167 |    44 ||   396
  Dodge: Dodged            |   105 |   129 |   164 |    13 ||   411

Table legend: (Time is in decaauts)
 A = Elapsed time spent in this place.
 B = Non-inter-level travel time spent in this place.
 C = Inter-level travel time spent in this place.
 D = Time resting spent in this place.
 E = Time spent auto-exploring this place.
 F = Levels seen in this place.
 G = Mean time per level.
                   A        B        C        D        E       F      G
               +--------+--------+--------+--------+--------+-----+--------+
         Total |   9773 |   9500 |    273 |    735 |   7004 |  10 |  977.3 |
       Dungeon |   9616 |   9365 |    251 |    648 |   6992 |   9 | 1068.4 |
        Temple |    157 |    135 |     22 |     87 |     12 |   1 |  157.0 |
               +--------+--------+--------+--------+--------+-----+--------+

Top non-repeatable levels by time:
     D:5: 1568 daAuts
     D:7: 1259 daAuts
     D:6: 1247 daAuts
     D:3: 1222 daAuts
     D:2: 1204 daAuts
     D:8: 1019 daAuts
     D:1: 976 daAuts
     D:4: 933 daAuts
     D:9: 183 daAuts
  Temple: 157 daAuts
